 Dungeon Crawl Stone Soup version 0.27-a0-1184-ge86db4a01e (webtiles) character file.

Game seed: 15380394740224321260

172491 leviel the Peltast (level 17, -9/160 HPs)
             Began as a Minotaur Monk on May 18, 2021.
             Was the Champion of Makhleb.
             Killed from afar by a hellion (31 damage)
             ... with damnation
             ... summoned by a deep elf demonologist
             ... on level 1 of the Elven Halls.
             The game lasted 01:16:02 (28841 turns).

leviel the Peltast (Minotaur Monk)                 Turns: 28841, Time: 01:16:03

Health: -9/160     AC: 25    Str: 30    XL:     17   Next: 41%
Magic:  28/28      EV:  8    Int:  7    God:    Makhleb [******]
Gold:   439        SH: 32    Dex: 15    Spells: 16/16 levels left

rFire    + . .     SeeInvis .   a - +9 demon trident (venom)
rCold    + . .     Faith    .   S - +8 tower shield of Lugonu's Indignation {rElec Str+3}
rNeg     . . .     Spirit   .   X - +0 gold dragon scales
rPois    +         Reflect  .   (helmet restricted)
rElec    +         Harm     .   (no cloak)
rCorr    .         Rampage  .   E - +0 pair of gloves
Will     +....                  Q - +2 pair of boots
Stlth    ..........             v - amulet of regeneration
HPRegen  1.36/turn              k - +4 ring of protection
MPRegen  0.21/turn              y - +6 ring of strength

@: no status effects
A: horns 2, retaliatory headbutt
a: Renounce Religion, Minor Destruction, Lesser Servant of Makhleb, Major
Destruction, Greater Servant of Makhleb


You were on level 1 of the Elven Halls.
You worshipped Makhleb.
Makhleb was exalted by your worship.
You visited 7 branches of the dungeon, and saw 31 of its levels.
You also visited: Bailey.

You collected 3979 gold pieces.
You spent 3540 gold pieces at shops.

Inventory:

Hand Weapons
 a - a +9 demon trident of venom (weapon)
 f - a +4 halberd
 z - a +2 scimitar of flaming
Missiles
 F - 10 throwing nets
 G - 22 curare-tipped darts
 M - 11 javelins
 V - 3 atropa-tipped darts (quivered)
Armour
 E - a +0 pair of gloves (worn)
 I - a +5 plate armour of cold resistance
 Q - a +2 pair of boots (worn)
 S - the +8 tower shield of Lugonu's Indignation (worn) {rElec Str+3}
   (You took it off Louise on level 2 of the Swamp)

   It affects your strength (+3).
   It insulates you from electricity.
 X - +0 gold dragon scales (worn)
Jewellery
 k - a +4 ring of protection (left hand)
 o - a ring of resist corrosion
 p - a ring of magical power
 u - a ring of protection from cold
 v - an amulet of regeneration (around neck)
 y - a +6 ring of strength (right hand)
 C - a ring of positive energy
 R - a +6 ring of strength
Wands
 h - a wand of digging (4)
 i - a wand of polymorph (23)
 q - a wand of charming (20)
 x - a wand of iceblast (34)
 H - a wand of acid (37)
 K - a wand of paralysis (13)
 L - a wand of flame (23)
 P - a wand of mindburst (18)
Scrolls
 l - 16 scrolls of teleportation
 m - 17 scrolls of identify {@r1}
 n - 6 scrolls of magic mapping
 s - a scroll of blinking
 A - a scroll of fog
 N - 3 scrolls of fear
 T - 3 scrolls of enchant weapon {@r3}
Potions
 b - 4 potions of might
 d - 18 potions of curing
 e - a potion of berserk rage
 g - 7 potions of mutation
 j - 5 potions of lignification
 r - a potion of heal wounds
 t - 2 potions of brilliance
 w - 5 potions of cancellation
 B - 8 potions of haste
 D - 7 potions of resistance
 O - 2 potions of ambrosia
 U - 2 potions of flight
Miscellaneous
 c - a piece from Xom's chessboard (15/15)
 J - a lightning rod (4/4)


   Skills:
 - Level 16.9 Fighting
 - Level 14.0 Polearms
 - Level 9.3 Armour
 - Level 9.3 Dodging
 - Level 1.7 Stealth
 * Level 18.7 Shields
 - Level 16.5 Invocations


You had 16 spell levels left.
You didn't know any spells.
Your spell library contained the following spells:

 Spells                   Type           Power      Damage    Failure   Level
 Animate Skeleton         Necr           0%         N/A       100%        1
 Apportation              Tloc           0%         N/A       100%        1
 Corona                   Hex            0%         N/A       100%        1
 Freeze                   Ice            0%         1d3       100%        1
 Pain                     Necr           0%         1d4       100%        1
 Shock                    Conj/Air       0%         1d3       100%        1
 Sting                    Tmut/Pois      0%         1d3       100%        1
 Summon Small Mammal      Summ           0%         N/A       100%        1
 Corpse Rot               Necr/Air       N/A        N/A       100%        2
 Poisonous Vapours        Pois/Air       0%         N/A       100%        2
 Static Discharge         Conj/Air       0%         N/A       100%        2
 Sublimation of Blood     Necr           0%         N/A       100%        2
 Conjure Flame            Conj/Fire      0%         6-21      100%        3
 Frozen Ramparts          Ice            0%         1d2       100%        3
 Ignite Poison            Fire/Tmut/Pois 0%         N/A       100%        3
 Mephitic Cloud           Conj/Pois/Air  0%         N/A       100%        3
 Ozocubu's Armour         Ice            0%         N/A       100%        3
 Spider Form              Tmut/Pois      0%         N/A       100%        3
 Stone Arrow              Conj/Erth      0%         3d7       100%        3
 Swiftness                Air            0%         N/A       100%        3
 Vampiric Draining        Necr           0%         2d6       100%        3
 Airstrike                Air            0%         N/A       100%        4
 Animate Armour           Summ/Erth      0%         N/A       100%        4
 Animate Dead             Necr           0%         N/A       100%        4
 Hailstorm                Conj/Ice       0%         3d3       100%        4
 Leda's Liquefaction      Hex/Erth       0%         N/A       100%        4
 Petrify                  Tmut/Erth      0%         N/A       100%        4
 Agony                    Necr           0%         N/A       100%        5
 Alistair's Intoxication  Tmut/Pois      0%         N/A       100%        5
 Bolt of Magma            Conj/Fire/Erth 0%         4d4       100%        5
 Hydra Form               Tmut           0%         N/A       100%        5
 Irradiate                Conj/Tmut      0%         3d13      100%        5
 Lightning Bolt           Conj/Air       0%         1d11      100%        5
 Metabolic Englaciation   Hex/Ice        0%         N/A       100%        5
 Summon Forest            Summ/Tloc      0%         N/A       100%        5
 Yara's Violent Unravell  Hex/Tmut       0%         3d3       100%        5
 Eringya's Noxious Bog    Tmut/Pois      0%         N/A       100%        6
 Freezing Cloud           Conj/Ice/Air   0%         6-21      100%        6
 Iron Shot                Conj/Erth      0%         9d1       100%        6
 Statue Form              Tmut/Erth      0%         N/A       100%        6
 Summon Hydra             Summ           0%         N/A       100%        7
 Shatter                  Erth           0%         3d5*      100%        9


Dungeon Overview and Level Annotations

Branches:
Dungeon (15/15)            Temple (1/1) D:4            Lair (6/6) D:8
  Swamp (3/4) Lair:2        Snake (3/4) Lair:3        Slime (0/5) Lair:5
    Orc (2/2) D:12            Elf (1/3) Orc:2        Vaults (0/5) D:14
 Depths (0/5) D:15         Bailey (visited)

Altars:
Ashenzari
Cheibriados
Dithmenos
Elyvilon
Fedhas
Gozag
Hepliaklqana
Kikubaaqudgha
Makhleb
Nemelex Xobeh
Okawaru
Qazlal
Ru
Sif Muna
Trog
Uskayaw
Vehumet
Wu Jian
Xom
Yredelemnul
Zin
The Shining One
Beogh

Shops:
D:8 [   D:14 *   Orc:2 :*!?   Snake:1 ?[   Snake:3 [[[=

Annotations:
Swamp:3 2 transporters, exclusion: orange crystal statue


Innate Abilities, Weirdness & Mutations

You have a pair of horns on your head.
You reflexively headbutt those who attack you in melee.


Message History

The deep elf demonologist shouts!
Found 26 gold pieces.
There is an open door here.
There are monsters nearby!
You closely miss the +4 long sword of draining.
Your headbutt misses the +4 long sword of draining.
You block the +4 long sword of draining's attack.
You miss the +4 long sword of draining.
You headbutt the +4 long sword of draining, but do no damage.
You block the +4 long sword of draining's attack.
You puncture the +4 long sword of draining!
You headbutt the +4 long sword of draining!
The +4 long sword of draining is almost destroyed.
You block the +4 long sword of draining's attack.
You impale the +4 long sword of draining!!
The +4 long sword of draining falls from the air.
Makhleb accepts your kill.
The deep elf demonologist casts a spell.
You see here a +4 long sword of draining.
You hit the Brimstone Fiend but do no damage.
The Brimstone Fiend is poisoned.
The deep elf demonologist gestures wildly while chanting.
The Brimstone Fiend calls on the powers of darkness!
Your body is wracked with pain!
The deep elf demonologist convulses!
There is an open door here.
The deep elf demonologist casts a spell.
The Brimstone Fiend calls on the powers of darkness!
The deep elf demonologist convulses!
Your body is wracked with pain!
* * * LOW HITPOINT WARNING * * *
The deep elf demonologist mumbles some strange words.
You feel much better. The Brimstone Fiend gestures at you.
The sphere of damnation explodes!
The damnation engulfs you!!!
* * * LOW HITPOINT WARNING * * *
The Brimstone Fiend calls on the powers of darkness!
The deep elf demonologist convulses!
Your body is wracked with pain!
* * * LOW HITPOINT WARNING * * *
The hellion gestures at you.
The sphere of damnation explodes!
The damnation engulfs you!!
You die...

##.## #.#
#. #####.##
.# #...'##
##...##
#.....#
##...##
#...'##
#####)##
##@## ##.##
+###
##.###...##
##'#.....+#
##1e...$.#
#..4......
#..2......
#.........
##.......#


You could see a Brimstone Fiend (summoned, poisoned), a deep elf demonologist,
an ice devil (summoned) and a hellion (summoned).

Vanquished Creatures
  Jorgrun (Orc:1)
  Roxanne (D:14)
  A nagaraja (Snake:2)
  A deep elf sorcerer (Elf:1)
  Louise (Swamp:2)
  2 bunyips
  9 eleionomae
  An ettin (D:15)
  A yaktaur captain (D:15)
  16 hydras
  Harold (D:8)
  Erolcha (Orc:2)
  2 ghost crabs
  A vault guard (D:14)
  4 naga warriors
  2 boulder beetles
  An ogre mage (D:13)
  Erica (D:8)
  4 centaur warriors
  2 anacondas (Snake:1)
  2 two-headed ogres
  2 tengu warriors
  3 dancing weapons (Elf:1)
  9 alligators
  An orc high priest (Orc:2)
  A hell knight (D:15)
  A deep elf knight (Elf:1)
  5 naga sharpshooters
  A shock serpent (Snake:3)
  3 skeletal warriors (D:11)
  8 sea snakes
  3 goliath frogs
  2 spriggan druids
  A swamp dragon (Swamp:3)
  2 deep trolls (D:15)
  A deep elf archer (Elf:1)
  A naga ritualist (Snake:3)
  2 wizards
  4 bog bodies
  6 deep elf pyromancers
  2 orc sorcerers
  13 ugly things
  11 deep elf zephyrmancers (Elf:1)
  3 orc knights
  7 cyclopes
  A mana viper (shapeshifter) (D:13)
  4 manticores
  3 will-o-the-wisps
  2 mana vipers
  5 salamanders
  3 guardian serpents
  27 elephants
  7 naga magi
  21 black mambas
  A gargoyle (D:14)
  An unseen horror (D:11)
  A yaktaur (shapeshifter) (D:13)
  26 cane toads
  3 kobold demonologists
  A rime drake (Lair:1)
  An efreet (D:13)
  17 komodo dragons
  A tengu conjurer (D:15)
  5 trolls
  5 polar bears
  A wolf spider simulacrum (D:15)
  8 tyrant leeches
  11 slime creatures
  5 hornets
  Prince Ribbit (D:5)
  28 blink frogs
  9 dream sheep
  49 yaks
  A shadow (D:11)
  A water elemental (Elf:1)
  4 spriggans
  2 wraiths (D:11)
  5 basilisks
  3 wyverns
  A steam dragon (Lair:4)
  14 vampire mosquitoes
  Menkaure (D:7)
  11 swamp worms
  2 wargs
  A harpy simulacrum (D:15)
  A warg (shapeshifter) (Elf:1)
  27 nagas
  5 acid dragons
  14 water moccasins
  3 black bears
  2 swamp drakes
  Duvessa (D:4)
  An ice beast (D:7)
  37 orc warriors
  2 sky beasts
  3 necrophages
  2 ogres
  9 wolves
  2 boggarts (Elf:1)
  11 centaurs
  2 phantoms
  5 kobold brigands
  29 bullfrogs
  9 gnoll sergeants
  Dowan (D:4)
  2 scorpions
  A water moccasin zombie (D:3)
  A water moccasin skeleton (D:5)
  10 wights
  14 killer bees
  9 electric eels
  4 howler monkeys
  3 centaur zombies
  10 hounds
  14 orc priests
  4 jellies
  7 gnoll shamans
  7 iguanas
  Jessica (D:3)
  Ijyb (D:3)
  Terence (D:3)
  21 orc wizards
  4 hell rats (Lair:2)
  A killer bee zombie (D:8)
  A howler monkey zombie (D:5)
  22 gnolls
  A howler monkey skeleton (D:5)
  15 adders
  An ufetubus (D:7)
  A dart slug (D:2)
  66 orcs
  6 ball pythons
  2 endoplasms
  4 giant cockroaches
  7 goblins
  2 hobgoblins
  10 jackals
  9 kobolds
  8 quokkas
  2 bats (D:2)
  3 frilled lizards
  4 rats
885 creatures vanquished.

Vanquished Creatures (others)
  A deep elf knight (Elf:1)
  A bloated husk (Swamp:2)
  2 orc wizards
  An orc (Orc:2)
  8 foxfires
  32 fungi
  148 plants
193 creatures vanquished.

Grand Total: 1078 creatures vanquished

Notes
Turn   | Place    | Note
-------+----------+-------------------------------------------
     0 | D:1      | leviel the Minotaur Monk began the quest for the Orb.
     0 | D:1      | Reached XP level 1. HP: 19/19 MP: 0/0
   222 | D:1      | Reached XP level 2. HP: 27/27 MP: 1/1
   940 | D:2      | Reached XP level 3. HP: 33/33 MP: 2/2
  1311 | D:2      | Reached skill level 1 in Armour
  1320 | D:2      | Reached XP level 4. HP: 32/41 MP: 3/3
  1781 | D:3      | Noticed Ijyb
  1795 | D:3      | Killed Ijyb
  1856 | D:3      | Reached skill level 5 in Polearms
  1900 | D:3      | Noticed Jessica
  1921 | D:3      | Reached XP level 5. HP: 35/47 MP: 4/4
  1938 | D:3      | Killed Jessica
  2371 | D:3      | Noticed Terence
  2390 | D:3      | Killed Terence
  2391 | D:3      | Reached skill level 5 in Fighting
  2394 | D:3      | Identified a scroll of acquirement
  2394 | D:3      | Acquired a +5 demon trident of venom
  2943 | D:4      | Noticed Dowan
  2944 | D:4      | Noticed Duvessa
  3150 | D:4      | Noticed a sky beast
  3156 | D:4      | Killed a sky beast
  3157 | D:4      | Reached XP level 6. HP: 47/56 MP: 5/5
  3211 | D:4      | Found a sacrificial altar of Ru.
  3378 | D:4      | Killed Duvessa
  3379 | D:4      | Reached XP level 7. HP: 39/61 MP: 6/6
  3400 | D:4      | Killed Dowan
  3736 | D:4      | Found a staircase to the Ecumenical Temple.
  3772 | Temple   | Entered the Ecumenical Temple
  3986 | Temple   | Became a worshipper of Makhleb the Destroyer
  3986 | Temple   | Reached * piety under Makhleb
  3986 | Temple   | Reached ** piety under Makhleb
  4203 | D:4      | Reached skill level 5 in Dodging
  4355 | D:5      | Entered Level 5 of the Dungeon
  4355 | D:5      | Noticed Prince Ribbit
  4397 | D:5      | Killed Prince Ribbit
  4526 | D:5      | Found a stormy altar of Qazlal.
  4579 | D:5      | Reached XP level 8. HP: 70/70 MP: 7/7
  4613 | D:5      | Found a basalt altar of Yredelemnul.
  4613 | D:5      | Found a blossoming altar of Fedhas.
  4948 | D:6      | Reached skill level 5 in Armour
  5162 | D:6      | Noticed a two-headed ogre
  5191 | D:6      | Killed a two-headed ogre
  5192 | D:6      | Reached XP level 9. HP: 44/79 MP: 8/8
  5293 | D:6      | Reached skill level 10 in Polearms
  5655 | D:6      | Reached *** piety under Makhleb
  5700 | D:6      | Reached skill level 1 in Invocations
  6101 | D:6      | Found a shimmering blue altar of Sif Muna.
  6343 | D:7      | Noticed a two-headed ogre
  6348 | D:7      | Killed a two-headed ogre
  6349 | D:7      | Reached XP level 10. HP: 83/90 MP: 10/10
  6537 | D:7      | Noticed Menkaure
  6543 | D:7      | Killed Menkaure
  6973 | D:8      | Found a staircase to the Lair.
  6993 | D:8      | Reached **** piety under Makhleb
  7027 | D:8      | Noticed Erica
  7040 | D:8      | Killed Erica
  7052 | D:8      | Found Jezausi's Armour Emporium.
  7136 | D:8      | Noticed an elephant
  7138 | D:8      | Noticed an elephant
  7149 | D:8      | Killed an elephant
  7175 | D:8      | Killed an elephant
  7202 | D:8      | Found a burning altar of Makhleb.
  7212 | D:8      | Noticed an elephant
  7226 | D:8      | Killed an elephant
  7259 | D:8      | Noticed an elephant
  7267 | D:8      | Killed an elephant
  7268 | D:8      | Reached XP level 11. HP: 97/97 MP: 13/13
  7369 | D:8      | Noticed Harold
  7382 | D:8      | Killed Harold
  8085 | D:9      | Reached skill level 10 in Fighting
  8200 | D:9      | Found a shimmering altar of Xom.
  8364 | D:9      | Found a flagged portal.
  8377 | Bailey   | Entered a bailey
  8414 | Bailey   | Reached skill level 5 in Invocations
  8417 | Bailey   | Reached ***** piety under Makhleb
  8873 | D:8      | Bought a +3 plate armour of cold resistance for 495 gold
                  | pieces
  9096 | D:10     | Entered Level 10 of the Dungeon
  9137 | D:10     | Reached skill level 1 in Shields
  9388 | D:10     | Reached skill level 2 in Shields
  9740 | Lair:1   | Entered Level 1 of the Lair of Beasts
  9821 | Lair:1   | Reached skill level 3 in Shields
  9880 | Lair:1   | Noticed a five-headed hydra
  9890 | Lair:1   | Reached XP level 12. HP: 108/108 MP: 15/15
  9894 | Lair:1   | Killed a five-headed hydra
  9895 | Lair:1   | Reached skill level 4 in Shields
 10461 | Lair:2   | Reached skill level 5 in Shields
 10791 | Lair:2   | Noticed a six-headed hydra
 10808 | Lair:2   | Noticed a five-headed hydra
 10815 | Lair:2   | Killed a six-headed hydra
 10820 | Lair:2   | Killed a five-headed hydra
 10821 | Lair:2   | Reached skill level 6 in Shields
 11138 | Lair:2   | Found a staircase to the Swamp.
 11251 | Lair:3   | Noticed an eight-headed hydra
 11256 | Lair:3   | Killed an eight-headed hydra
 11343 | Lair:3   | Found a staircase to the Snake Pit.
 11996 | Lair:4   | Reached skill level 7 in Shields
 12117 | Lair:4   | Reached ****** piety under Makhleb
 12120 | Lair:4   | Reached XP level 13. HP: 119/119 MP: 19/19
 12345 | Lair:4   | Reached skill level 10 in Invocations
 12437 | Lair:4   | Reached skill level 8 in Shields
 13653 | Lair:5   | Found a staircase to the Slime Pits.
 13802 | Lair:5   | Reached skill level 9 in Shields
 14283 | Lair:6   | Entered Level 6 of the Lair of Beasts
 14447 | Lair:6   | Reached XP level 14. HP: 68/130 MP: 22/22
 14467 | Lair:6   | Reached skill level 10 in Shields
 15022 | Lair:6   | Reached skill level 11 in Shields
 17096 | D:12     | Found a staircase to the Orcish Mines.
 17328 | D:13     | You fall into a shaft and drop 1 floor!
 17780 | D:14     | Found Ririenodd's Assorted Antiques.
 17983 | D:14     | Identified Roxanne's Collected Works on Transmigration
 17983 | D:14     | Noticed Roxanne
 18001 | D:14     | Reached XP level 15. HP: 139/139 MP: 24/24
 18006 | D:14     | Reached skill level 15 in Fighting
 18220 | D:14     | Reached skill level 12 in Shields
 18243 | D:14     | Found a gate to the Vaults.
 18555 | Orc:1    | Entered Level 1 of the Orcish Mines
 18556 | Orc:1    | Noticed Jorgrun
 18567 | Orc:1    | Killed Jorgrun
 18964 | Orc:2    | Entered Level 2 of the Orcish Mines
 19160 | Orc:2    | Noticed Erolcha
 19178 | Orc:2    | Killed Erolcha
 19317 | Orc:2    | Found Rentaos's General Store.
 19317 | Orc:2    | Found Zaqiesh's Distillery.
 19319 | Orc:2    | Found Terphuo's Magic Scroll Shop.
 19321 | Orc:2    | Found Jasinn's Book Emporium.
 19371 | Orc:2    | Reached skill level 15 in Invocations
 19387 | Orc:2    | Bought a potion of curing for 45 gold pieces
 19387 | Orc:2    | Bought a potion of haste for 150 gold pieces
 19387 | Orc:2    | Bought a potion of heal wounds for 75 gold pieces
 19387 | Orc:2    | Bought 2 potions of curing for 90 gold pieces
 19390 | Orc:2    | Bought a scroll of magic mapping for 49 gold pieces
 19390 | Orc:2    | Bought a scroll of identify for 28 gold pieces
 19390 | Orc:2    | Bought a scroll of teleportation for 42 gold pieces
 19390 | Orc:2    | Bought a scroll of teleportation for 42 gold pieces
 19390 | Orc:2    | Bought a scroll of enchant weapon for 105 gold pieces
 19390 | Orc:2    | Bought a scroll of magic mapping for 49 gold pieces
 19390 | Orc:2    | Bought a scroll of teleportation for 42 gold pieces
 19390 | Orc:2    | Bought a scroll of enchant weapon for 105 gold pieces
 19579 | Orc:2    | Found a staircase to the Elven Halls.
 20614 | D:15     | Entered Level 15 of the Dungeon
 20721 | D:14     | Killed Roxanne
 20722 | D:14     | Reached skill level 13 in Shields
 21033 | D:15     | Found a staircase to the Depths.
 21057 | D:15     | Found an ornate altar of the Wu Jian Council.
 22099 | Swamp:1  | Entered Level 1 of the Swamp
 22186 | Swamp:1  | Reached XP level 16. HP: 136/151 MP: 25/27
 22502 | Swamp:1  | Reached skill level 14 in Shields
 22988 | Swamp:2  | Identified the +8 tower shield of Lugonu's Indignation
                  | {rElec Str+3}
 22988 | Swamp:2  | Noticed Louise
 23036 | Swamp:2  | Killed Louise
 23954 | Swamp:3  | Reached skill level 15 in Shields
 24319 | Swamp:3  | Noticed a thorn hunter
 24322 | Swamp:3  | Found a transporter.
 24325 | Swamp:3  | Noticed a tentacled monstrosity
 24428 | Swamp:3  | Noticed a thorn hunter
 24429 | Swamp:3  | Found a transporter.
 24430 | Swamp:3  | Noticed a tentacled monstrosity
 24838 | Snake:1  | Entered Level 1 of the Snake Pit
 25268 | Snake:1  | Found Tuuryd's Antique Armour Emporium.
 25274 | Snake:1  | Bought a pair of embroidered boots for 247 gold pieces
 25274 | Snake:1  | Bought a pair of twisted gloves for 313 gold pieces
 25274 | Snake:1  | Identified the -4 pair of gloves of Card Tricks {*Corrode
                  | Will++ Int+4} (You bought it in a shop on level 1 of the
                  | Snake Pit)
 25473 | Snake:1  | Reached skill level 16 in Shields
 25902 | Snake:1  | Found Velomnoy's Magic Scroll Shop.
 25913 | Snake:1  | Bought a scroll of fear for 66 gold pieces
 25913 | Snake:1  | Bought a scroll of fog for 38 gold pieces
 25913 | Snake:1  | Bought a scroll of blinking for 142 gold pieces
 25913 | Snake:1  | Bought a scroll of teleportation for 57 gold pieces
 26571 | Snake:2  | Reached XP level 17. HP: 141/160 MP: 28/28
 26598 | Snake:2  | Reached skill level 17 in Shields
 26845 | Snake:3  | Found Xiak's Armour Emporium.
 26912 | Snake:3  | Found Bob Jole's Armour Emporium.
 26990 | Snake:3  | Bought +0 gold dragon scales for 1360 gold pieces
 27094 | Snake:3  | Found Doisataps's Antique Armour Shop.
 27142 | Snake:3  | Found Cokhug's Jewellery Shoppe.
 28366 | Elf:1    | Entered Level 1 of the Elven Halls
 28463 | Elf:1    | Reached skill level 18 in Shields
 28836 | Elf:1    | Noticed a Brimstone Fiend
 28841 | Elf:1    | Killed from afar by a hellion

Illustrated notes

Levels and vault maps discovered:
D:1:      lemuel_arrival_room, layout_loops_ring
D:2:      layout_rooms
D:3:      layout_loops_cross, minmay_misc_feat_enclosed, grunt_ministairs_10,
          uniq_terence, uniq_ijyb, uniq_jessica
D:4:      layout_rooms, nicolae_overflow_crystal_walls,
          minmay_temple_entry_glass, saegor_snake_ambush, uniq_duvessa
D:5:      layout_basic, kennysheep_mini_moat,
          chequers_temple_overflow_statue_of_worship, cheibrodos_gnoll_hut,
          uniq_prince_ribbit1
D:6:      layout_cave_pools, kennysheep_orc_sif_temple
D:7:      minmay_inner_zag, layout_basic, uniq_menkaure
D:8:      wad_woods_stonehenge, layout_basic, serial_shops, shop,
          minmay_misc_feat_cross, uniq_erica, uniq_harold
D:9:      layout_long_grid, kennysheep_little_box, enter_bailey_1
D:10:     layout_cave_pools, serial_park_tiny_2, nicolae_wand_duel
D:11:     layout_roguey
D:12:     layout_long_grid, erik_orc_1
D:13:     kennysheep_room_grid, layout_rooms, chequers_mini_garden
D:14:     layout_basic, david_vaults_5, roderic_lattice_octagonal_star,
          serial_shops, shop, uniq_roxanne
D:15:     hangedman_depths_entry_civil_slaughter, layout_stronghold,
          nicolae_wu_jian_wuxing_cycle, serial_column_ruins,
          column_ruins_hut_ruined, column_ruins_hut, column_ruins_open_large,
          column_ruins_open_small, column_ruins_grid_1,
          column_ruins_corridor_straight
Temple:   eino_temple_rhombus
Lair:1:   layout_cave_shapes, worms_lemuel, lemuel_fruit_tree
Lair:2:   layout_chaotic_city, minmay_swamp_entry_reptiles
Lair:3:   layout_cave_pods, minmay_snake_entry_guardpost_small, st_stairs_9
Lair:4:   layout_layer_cave, st_stairs_11, grunt_megastairs_4,
          serial_bayou_shore_b, serial_bayou_shore_b, infiniplex_staircase_pool
Lair:5:   layout_loops_ring, minmay_slime_entry_pillars, beast_lair_carwin_7
Lair:6:   minmay_lair_end_frog_pond, layout_hall_layers
Swamp:1:  layout_basic_swamp, evilmike_swamp_ruin_rubble_2
Swamp:2:  layout_falls_marsh, evilmike_swamp_ruin_house_5, swamp_pool1,
          uniq_louise
Swamp:3:  gammafunk_sealed_arena, layout_basic_swamp,
          evilmike_swamp_ruin_house_2, swamp_pool1,
          nicolae_swamp_stuck_in_the_mud
Snake:1:  layout_basic, serial_shops, shop_fountains, drop_trap, st_stairs_1,
          grunt_ministairs_7, minmay_shop_star
Snake:2:  layout_gridlike, special_room, serial_bayou_lake_a,
          serial_bayou_shore_b
Snake:3:  layout_chambers, serial_shops, nicolae_shop_statue_plus, shop,
          nicolae_shop_crystal, shop_statue
Orc:1:    layout_diamond_mine, minmay_orc_temple_b, uniq_jorgrun
Orc:2:    st_orc_rangers, layout_diamond_mine, uniq_erolcha
Elf:1:    eino_elf_arrival_customs, layout_geoelf_diagonals, serial_shops, shop,
          hangedman_elf_disciples, hangedman_elf_targetted_burst,
          grunt_ministairs_4

Skill      XL: |  1  2  3  4  5  6  7  8  9 10 11 12 13 14 15 16 17 |
---------------+----------------------------------------------------+-----
Fighting       | 4 5 6 7 8 9 10 12 13 14 16 | 16.9
Polearms       | 4 5 6 7 9 11 12 14 | 14.0
Armour         | 1 2 3 4 6 7 8 9 |  9.3
Dodging        | 4 5 6 7 8 9 |  9.3
Invocations    | 2 4 6 9 12 14 16 | 16.5
Shields        | 3 7 9 11 13 16 18 | 18.7
Stealth        | |  1.7

Action                   |  1- 3 |  4- 6 |  7- 9 | 10-12 | 13-15 | 16-18 || total
-------------------------+-------+-------+-------+-------+-------+-------++-------
Melee: Spear             |   107 |    87 |       |       |       |       ||   194
       Headbutt          |    15 |    20 |    29 |   126 |   328 |   169 ||   687
       Demon trident     |       |    24 |   191 |   630 |  1491 |   766 ||  3102
Throw: Throwing net      |       |       |       |       |     1 |       ||     1
  Use: Scroll            |       |     2 |     6 |    10 |     9 |     5 ||    32
       Potion            |       |       |       |     8 |     2 |     8 ||    18
 Stab: Sleeping          |     5 |       |       |       |       |       ||     5
       Invisible         |       |       |       |     6 |       |       ||     6
       Distracted        |       |       |       |       |     1 |     1 ||     2
Armor: Robe              |     6 |       |       |       |       |       ||     6
       Scale mail        |    20 |    29 |    70 |    72 |       |       ||   191
       Plate armour      |       |       |       |   184 |   566 |   129 ||   879
       Swamp dragon scal |       |       |       |       |       |    33 ||    33
       Gold dragon scale |       |       |       |       |       |    21 ||    21
Dodge: Dodged            |    52 |    39 |    70 |   221 |   394 |   130 ||   906
Block: Kite shield       |       |       |       |   255 |   700 |    95 ||  1050
       Tower shield      |       |       |       |       |       |   492 ||   492

Table legend: (Time is in decaauts)
 A = Elapsed time spent in this place.
 B = Non-inter-level travel time spent in this place.
 C = Inter-level travel time spent in this place.
 D = Time resting spent in this place.
 E = Time spent auto-exploring this place.
 F = Levels seen in this place.
 G = Mean time per level.
                   A        B        C        D        E       F      G
               +--------+--------+--------+--------+--------+-----+--------+
         Total |  28390 |  26000 |   2390 |   2626 |  18208 |  32 |  887.2 |
       Dungeon |  13795 |  12579 |   1216 |   1507 |   9154 |  15 |  919.7 |
        Temple |    224 |    203 |     21 |      0 |    190 |   1 |  224.0 |
          Lair |   6216 |   5607 |    609 |    312 |   4100 |   6 | 1036.0 |
         Swamp |   2908 |   2619 |    289 |    461 |   1492 |   3 |  969.3 |
     Snake Pit |   3041 |   2951 |     90 |    234 |   2090 |   3 | 1013.7 |
  Orcish Mines |   1313 |   1151 |    162 |     46 |    683 |   2 |  656.5 |
   Elven Halls |    444 |    444 |      0 |     45 |    243 |   1 |  444.0 |
        Bailey |    445 |    445 |      0 |     21 |    255 |   1 |  445.0 |
               +--------+--------+--------+--------+--------+-----+--------+

Top non-repeatable levels by time:
     D:3: 1442 daAuts
    D:14: 1389 daAuts
  Lair:4: 1322 daAuts
 Snake:3: 1237 daAuts
  Lair:6: 1231 daAuts
     D:6: 1212 daAuts
  Lair:5: 1085 daAuts
 Swamp:3: 1034 daAuts
    D:15: 1034 daAuts
  Lair:2: 1026 daAuts
     D:4: 1017 daAuts
 Swamp:2: 1008 daAuts
     D:8: 997 daAuts
 Snake:1: 974 daAuts
     D:1: 926 daAuts
